 Dungeon Crawl Stone Soup version 0.30-a0-1094-g860fb061e7 (webtiles) character file.

Game seed: 5222669738610797535

5348 Darkkill the Skirmisher (level 10, -2/91 HPs)
             Began as a Minotaur Hunter on Apr 17, 2023.
             Was an Initiate of Gozag.
             Slain by a komodo dragon (15 damage)
             ... on level 1 of the Lair of Beasts.
             The game lasted 00:10:03 (7208 turns).

Darkkill the Skirmisher (Minotaur Hunter)           Turns: 7208, Time: 00:10:04

Health: -2/91      AC:  9    Str: 16    XL:     10   Next: 38%
Magic:  9/9        EV: 17    Int:  6    God:    Gozag
Gold:   771        SH:  0    Dex: 20    Spells: 7/9 levels left

rFire   + . .      SeeInvis +    k - +3 arbalest (flame)
rCold   x . .      Faith    .    (shield currently unavailable)
rNeg    + + .      Spirit   .    c - +0 leather armour
rPois   .          Reflect  .    (helmet restricted)
rElec   .          Rampage  .    n - +0 cloak
rCorr   +                        m - +1 pair of gloves
Will    .....                    g - +2 pair of boots
Stlth   ++                       A - amulet of regeneration
HPRegen 1.15/turn                j - ring of Wonder {Fire rN++ rCorr Dex+2 Slay-2}
MPRegen 0.11/turn                l - ring of see invisible

@: gold aura, very slow
A: horns 2, retaliatory headbutt
a: Renounce Religion, Potion Petition, Call Merchant, Bribe Branch


You were on level 1 of the Lair of Beasts.
You worshipped Gozag.
Gozag was pleased with you.
You visited 3 branches of the dungeon, and saw 10 of its levels.
You also visited: Ossuary.

You collected 1164 gold pieces.
You paid 393 gold pieces to Gozag.

Inventory:

Hand Weapons
 b - a +2 heavy hammer
 k - a +3 arbalest of flaming (weapon)
Missiles
 d - 72 stones
 D - 8 poisoned darts
Armour
 c - a +0 leather armour (worn)
 g - a +2 pair of boots (worn)
 m - a +1 pair of gloves (worn)
 n - a +0 cloak (worn)
Jewellery
 j - the ring of Wonder (left hand) {Fire rN++ rCorr Dex+2 Slay-2}
   (You found it on level 2 of the Dungeon)

   [ring of fire]

   It enhances your fire magic.
   Dex:       It affects your dexterity (+2).
   Slay:      It affects your accuracy & damage with ranged weapons and melee
   (-2).
   rF:        It protects you from fire.
   rC:        It makes you vulnerable to cold.
   rN:        It greatly protects you from negative energy.
   rCorr:     It protects you from acid and corrosion.
 l - a ring of see invisible (right hand)
 A - an amulet of regeneration (around neck)
Wands
 p - a wand of iceblast (12)
 t - a wand of flame (20)
 v - a wand of light (14)
Scrolls
 i - a scroll of fog
 q - a scroll of fear
 s - a scroll of immolation
 y - 3 scrolls of teleportation
 z - 2 scrolls of amnesia
 C - a scroll of enchant armour
 E - a scroll of identify {@r1}
Potions
 a - 4 potions of invisibility
 e - 3 potions of flight
 f - 2 potions of haste
 h - 3 potions of mutation {unknown}
 o - 2 potions of attraction
 r - 2 potions of ambrosia {unknown}
 u - a potion of cancellation {unknown}
 w - a potion of curing {@q1}
 x - a potion of berserk rage
 B - a potion of heal wounds {unknown}


   Skills:
 + Level 9.6 Fighting
 + Level 9.7 Ranged Weapons
 + Level 8.8 Dodging
 + Level 7.1 Stealth


You had 7 spell levels left.
You knew the following spells:

 Your Spells              Type           Power      Damage    Failure   Level
a - Blink                 Tloc           0%         N/A       67%         2

Your spell library contained the following spells:

 Spells                   Type           Power      Damage    Failure   Level
 Summon Guardian Golem    Hex/Summ       0%         N/A       88%         3
 Manifold Assault         Tloc           0%         N/A       99%         4
 Orb of Destruction       Conj           0%         9d5       100%        7
 Spellforged Servitor     Conj/Summ      0%         N/A       100%        7
 Storm Form               Tmut/Air       0%         N/A       100%        7


Dungeon Overview and Level Annotations

Branches:
Dungeon (8/15)             Temple (1/1) D:5            Lair (1/5) D:8
Ossuary (visited)

Altars:
Ashenzari
Cheibriados
Dithmenos
Elyvilon
Fedhas
Gozag
Hepliaklqana
Kikubaaqudgha
Makhleb
Nemelex Xobeh
Okawaru
Qazlal
Sif Muna
Uskayaw
Vehumet
Wu Jian
Xom
Yredelemnul
Zin
The Shining One

Shops:
D:1 *   D:2 (

Annotations:
D:8 1 runed translucent door, mandoloar's ghost, novice OpTm


Innate Abilities, Weirdness & Mutations

You have a pair of horns on your head.
You reflexively headbutt those who attack you in melee.


Message History

a +3 short sword; a +0 robe You see here a +0 flail.
There is an open door here.
There is a staircase to the Lair here.
You climb downwards.
Welcome to the Lair of Beasts!
You feel an oppressive heat about you.
There is an entrance to a volcano on this level.
Hurry and find it before the entrance collapses!
Found 9 gold pieces.
There is a staircase back to the Dungeon here.
You enter the shallow water.
Moving in this stuff is going to be slow.
A basilisk comes into view.
You shoot a bolt. The basilisk hisses angrily.
The bolt hits the basilisk.
The bolt burns the basilisk.
The basilisk is lightly wounded.
The basilisk gazes at you. You resist with some effort.
A basilisk is nearby!
You shoot a bolt. The bolt closely misses the basilisk.
A komodo dragon comes into view.
There are monsters nearby!
You shoot a bolt. The komodo dragon hisses angrily.
The bolt hits the basilisk!!
The bolt burns the basilisk.
The basilisk is severely wounded.
You hear an angry hiss.
The basilisk gazes at you.
You are slowing down.
A komodo dragon comes into view.
Fire: k) +3 arbalest (flame)
Press: ? - help, Q - select action, (/) - cycle Shift-Dir - straight line, f/p - basilisk
Aim: a basilisk (severely wounded, 61% to hit)
You shoot a bolt.
The bolt barely misses the komodo dragon.
The bolt barely misses the basilisk.
You have turned to stone.
The komodo dragon bites you but does no damage.
The komodo dragon bites you!! The komodo dragon bites you!
The komodo dragon bites you!! The komodo dragon bites you!
The komodo dragon completely misses you.
The basilisk bites you. The komodo dragon bites you!
The komodo dragon bites you but does no damage.
The basilisk bites you!
The komodo dragon bites you but does no damage.
The komodo dragon bites you! The basilisk gazes at you.
The komodo dragon bites you!
The komodo dragon bites you but does no damage.
The basilisk bites you. The komodo dragon bites you!
The komodo dragon bites you but does no damage.
You turn to flesh and can move again.
Unknown command.
Fire: k) +3 arbalest (flame)
Press: ? - help, Q - select action, (/) - cycle Shift-Dir - straight line, f/p - basilisk
Aim: a basilisk (severely wounded, 61% to hit)
You shoot a bolt. The bolt barely misses the basilisk.
The basilisk bites you.
* * * LOW HITPOINT WARNING * * *
The komodo dragon closely misses you. You furiously retaliate!
You headbutt the komodo dragon.
The komodo dragon bites you but does no damage.
The basilisk splashes around in the water.
The komodo dragon misses you. You furiously retaliate!
You headbutt the komodo dragon, but do no damage.
Fire: k) +3 arbalest (flame)
Press: ? - help, Q - select action, (/) - cycle Shift-Dir - straight line, f/p - basilisk
Aim: a basilisk (severely wounded, 61% to hit)
You shoot a bolt. The bolt hits the basilisk!!
The bolt burns the basilisk.
You kill the basilisk!
The komodo dragon closely misses you.
The komodo dragon bites you but does no damage.
The komodo dragon barely misses you. You furiously retaliate!
You headbutt the komodo dragon.
Fire: k) +3 arbalest (flame)
Press: ? - help, Q - select action, (/) - cycle Shift-Dir - straight line, f - komodo dragon
Aim: a komodo dragon (lightly wounded, 73% to hit)
You shoot a bolt. The bolt hits the komodo dragon!!
The bolt burns the komodo dragon!
The komodo dragon is severely wounded.
The komodo dragon barely misses you. You furiously retaliate!
You headbutt the komodo dragon. The komodo dragon misses you. x2
Fire: k) +3 arbalest (flame)
Press: ? - help, Q - select action, (/) - cycle Shift-Dir - straight line, f/p - komodo dragon
Aim: a komodo dragon (severely wounded, 73% to hit)
You shoot a bolt.
The bolt barely misses the komodo dragon.
The komodo dragon barely misses you. The komodo dragon bites you!!
* * * LOW HITPOINT WARNING * * *
The komodo dragon bites you!
* * * LOW HITPOINT WARNING * * *
Fire: k) +3 arbalest (flame)
Press: ? - help, Q - select action, (/) - cycle Shift-Dir - straight line, f/p - komodo dragon
Aim: a komodo dragon (severely wounded, 73% to hit)
Okay, then.
You feel better. The komodo dragon closely misses you.
The komodo dragon bites you!
You die...
Your body crumbles into a pile of gold.

##..######.
............
............
#............ #
#....$.......
..#P##......~.....
.......l$~~~~.~...
......~@l≈≈≈≈~....
......~≈~~≈≈≈≈~~..
.....~≈≈≈.~~~≈~...
......~≈~.<.~≈~...
......≈≈~~~~~~~...
####~~~~≈≈≈≈≈~~~##
##..~≈≈≈≈≈≈~.#
##~~~~~≈~~..#
......~~~.....


You could see 2 komodo dragons.

Vanquished Creatures
  Joseph (D:8)
  A hornet (D:6)
  A basilisk (Lair:1)
  4 yaks (D:8)
  2 water moccasins
  3 sky beasts
  2 orc warriors (D:8)
  2 black bears
  An ogre (D:6)
  A centaur (D:7)
  2 phantoms (D:5)
  A kobold brigand (D:8)
  3 bullfrogs
  9 scorpions
  13 wights (D:8)
  A jelly (D:6)
  3 centaur zombies (Ossuary)
  A lava snake (D:8)
  2 gnoll boudas
  4 hounds
  A human zombie (Ossuary)
  10 orc priests
  Crazy Yiuf (D:3)
  2 iguanas
  6 scorpion zombies (Ossuary)
  10 orc wizards
  3 mummies (Ossuary)
  10 gnolls
  5 adders
  A shadow imp (D:7)
  2 white imps (D:5)
  A worm (D:2)
  2 dart slugs
  24 orcs
  8 ball pythons
  5 endoplasms
  7 giant cockroaches
  3 gnoll zombies (Ossuary)
  6 goblins
  5 hobgoblins
  2 jackals (D:5)
  11 kobolds
  4 quokkas
  10 bats
  3 frilled lizards
  A goblin zombie (Ossuary)
  2 hobgoblin zombies (Ossuary)
  A kobold zombie (Ossuary)
  An orc zombie (Ossuary)
  4 rats
208 creatures vanquished.

Vanquished Creatures (others)
  10 fungi (D:8)
  11 plants
21 creatures vanquished.

Grand Total: 229 creatures vanquished

Notes
Turn   | Place    | Note
-------+----------+-------------------------------------------
     0 | D:1      | Darkkill the Minotaur Hunter began the quest for the Orb.
     0 | D:1      | Reached XP level 1. HP: 18/18 MP: 0/0
    48 | D:1      | Reached skill level 1 in Stealth
   132 | D:1      | Reached XP level 2. HP: 25/25 MP: 1/1
   490 | D:1      | Found Lemeaqad's General Store.
   538 | D:1      | Reached XP level 3. HP: 31/31 MP: 2/2
   842 | D:2      | Identified the ring of Wonder {Fire rN++ rCorr Dex+2
                  | Slay-2}
   858 | D:2      | Found a faded altar of an unknown god.
   916 | D:2      | Identified a scroll of acquirement
   916 | D:2      | Acquired a +1 arbalest of flaming
  1278 | D:2      | Found Zoxaby's Antique Weapon Shop.
  1498 | D:3      | Found a shimmering altar of Xom.
  1729 | D:3      | Reached skill level 5 in Ranged Weapons
  1729 | D:3      | Reached XP level 4. HP: 9/38 MP: 3/3
  1981 | D:3      | Found a runed translucent door.
  1982 | D:3      | Noticed Crazy Yiuf
  2146 | D:3      | Killed Crazy Yiuf
  2147 | D:3      | Reached XP level 5. HP: 46/46 MP: 4/4
  2297 | D:4      | Found an ornate altar of the Wu Jian Council.
  2376 | D:4      | Reached XP level 6. HP: 32/53 MP: 5/5
  3157 | D:5      | Entered Level 5 of the Dungeon
  3315 | D:5      | Reached skill level 5 in Fighting
  3315 | D:5      | Reached XP level 7. HP: 57/61 MP: 6/6
  3333 | D:5      | Found a sand-covered staircase.
  3338 | Ossuary  | Entered an ossuary
  3421 | Ossuary  | Reached skill level 5 in Dodging
  3643 | Ossuary  | Reached XP level 8. HP: 52/70 MP: 7/7
  4007 | D:5      | Found a staircase to the Ecumenical Temple.
  4168 | Temple   | Entered the Ecumenical Temple
  4185 | Temple   | Became a worshipper of Gozag Ym Sagoz the Greedy
  4295 | D:5      | Found a broken altar of Ashenzari.
  4738 | D:6      | Reached skill level 5 in Stealth
  4796 | D:6      | Noticed a hornet
  4799 | D:6      | Killed a hornet
  4848 | D:6      | Reached XP level 9. HP: 79/79 MP: 8/8
  4877 | D:6      | Identified the +0 robe of the Dungeon {Stlth+}
  6218 | D:7      | Learned a level 2 spell: Blink
  6287 | D:8      | Reached XP level 10. HP: 88/91 MP: 9/9
  6467 | D:8      | Found a snail-covered altar of Cheibriados.
  6490 | D:8      | Found a burning altar of Makhleb.
  6560 | D:8      | Noticed Joseph
  6567 | D:8      | HP: 10/91 [Joseph/sling bullet (12)]
  6596 | D:8      | Killed Joseph
  6648 | D:8      | Found a runed translucent door.
  6650 | D:8      | Found a shimmering altar of Xom.
  6650 | D:8      | Noticed mandoloar's ghost (novice OpTm)
  6651 | D:8      | Noticed a +2 long sword of chaos
  6821 | D:8      | Found a staircase to the Lair.
  7186 | Lair:1   | Entered Level 1 of the Lair of Beasts
  7207 | Lair:1   | HP: 12/91 [komodo dragon (19)]
  7207 | Lair:1   | HP: 3/91 [komodo dragon (9)]
  7208 | Lair:1   | Slain by a komodo dragon

Illustrated notes

Levels and vault maps discovered:
D:1:      dpeg_arrival_simpleton_a, layout_basic, serial_shops, shop_statue,
          chequers_serial_rivers_small_3, st_stairs_10, roderic_roman_lattice
D:2:      layout_loops_cross, shapermc_ecumenical_altar_mp_ritualfount,
          serial_shops, shop
D:3:      layout_basic, xom_confusion_cloud, uniq_crazy_yiuf_cottage
D:4:      layout_basic, mainiacjoe_overflow_chevrons, kennysheep_crisscross,
          nrook_uturn
D:5:      layout_cave_pods, cheibrodos_ashenzari_chains,
          minmay_temple_entry_poolview, enter_ossuary_2
D:6:      layout_gridville, dk_noncrumbling_3, grunt_ministairs_8
D:7:      layout_basic
D:8:      layout_loops_ring, mainiacjoe_overflow_catch_the_wave,
          grunt_lair_entry_orc_guard_hut, ebering_ghost_xom, uniq_joseph
Temple:   eino_wide_crystal_templ
Lair:1:   layout_long_grid, nicolae_volcano_entry_s_turn,
          infiniplex_staircase_pool_2, uniq_harold, uniq_urug

Skill      XL: |  1  2  3  4  5  6  7  8  9 10 |
---------------+-------------------------------+-----
Stealth        | 1 2 3 4 5 6 7 |  7.1
Fighting       | 3 4 5 6 7 9 |  9.6
Ranged Weapons | 5 6 7 9 |  9.7
Dodging        | 3 4 5 6 8 |  8.8

Action                     |  1- 3 |  4- 6 |  7- 9 | 10-12 || total
---------------------------+-------+-------+-------+-------++-------
  Melee: Arbalest          |     3 |       |       |       ||     3
   Fire: Shortbow          |    73 |       |       |       ||    73
         Arbalest          |    57 |    88 |   216 |    86 ||   447
 Invoke: Potion Petition   |       |       |       |     1 ||     1
  Evoke: Wand              |       |       |     1 |     2 ||     3
    Use: Scroll            |     5 |     2 |    11 |     1 ||    19
         Potion            |       |     2 |       |     4 ||     6
 Armour: Leather armour    |    32 |     6 |    54 |    14 ||   106
  Dodge: Dodged            |    63 |    26 |   142 |    49 ||   280
  Block: Other             |       |     3 |    35 |       ||    38

Table legend: (Time is in decaauts)
 A = Elapsed time spent in this place.
 B = Non-inter-level travel time spent in this place.
 C = Inter-level travel time spent in this place.
 D = Time resting spent in this place.
 E = Time spent auto-exploring this place.
 F = Levels seen in this place.
 G = Mean time per level.
                   A        B        C        D        E       F      G
               +--------+--------+--------+--------+--------+-----+--------+
         Total |   7493 |   7109 |    384 |    277 |   5333 |  11 |  681.2 |
       Dungeon |   6725 |   6354 |    371 |      6 |   5263 |   8 |  840.6 |
        Temple |     57 |     44 |     13 |      0 |     31 |   1 |   57.0 |
          Lair |     27 |     27 |      0 |      0 |      2 |   1 |   27.0 |
       Ossuary |    683 |    683 |      0 |    271 |     37 |   1 |  683.0 |
               +--------+--------+--------+--------+--------+-----+--------+

Top non-repeatable levels by time:
     D:8: 1025 daAuts
     D:4: 949 daAuts
     D:5: 895 daAuts
     D:3: 877 daAuts
     D:7: 797 daAuts
     D:1: 752 daAuts
     D:6: 745 daAuts
 Ossuary: 683 daAuts
     D:2: 682 daAuts
  Temple: 57 daAuts
  Lair:1: 27 daAuts

Table legend:
 A = Kills in this place as a percentage of kills in the entire game.
 B = Kills by you in this place as a percentage of kills by you in the entire game.
 C = Kills by friends in this place as a percentage of kills by friends in the entire game.
 D = Other kills in this place as a percentage of other kills in the entire game.
 E = Experience gained in this place as a percentage of experience gained in the entire game.
 F = Experience gained in this place divided by the number of levels of this place that you have seen.
                   A       B       C       D       E      F
               +-------+-------+-------+-------+-------+----------------------
         Total | 100.0 | 100.0 |   N/A |   N/A | 100.0 | 694.5
       Dungeon |  86.1 |  86.1 |   N/A |   N/A |  83.8 | 800.2
          Lair |   0.5 |   0.5 |   N/A |   N/A |   2.7 | 205.0
       Ossuary |  13.5 |  13.5 |   N/A |   N/A |  13.5 | 1033.0
               +-------+-------+-------+-------+-------+----------------------
